 Dungeon Sprint DCSS version 0.22.1-1-ga44c0e56f4 (webtiles) character file.

79 KleinerIrrer the Martial Artist (level 4, -3/34 HPs)
             Began as an Octopode Monk on Nov 2, 2018.
             Slain by a water elemental (11 damage)
             ... in the Dungeon (Sprint III: "The Ten Rune Challenge").
             The game lasted 00:01:33 (358 turns).

KleinerIrrer the Martial Artist (Octopode Monk)      Turns: 358, Time: 00:01:34

Health: -3/34      AC:  1    Str: 10    XL:     4   Next: 37%
Magic:  4/4        EV: 14    Int: 12    God:
Gold:   28         SH:  0    Dex: 15    Spells: 3/3 levels left

rFire    . . .     SeeInvis .     - Unarmed
rCold    . . .     Gourm    .   (no shield)
rNeg     . . .     Faith    .   (helmet restricted)
rPois    .         Spirit   .   (no amulet)
rElec    .         Reflect  .   (no ring)
rCorr    .         Harm     .   (no ring)
MR       .....     NoTele   +   (no ring)
Stlth    +++.......             (no ring)
HPRegen  0.11/turn              (no ring)
MPRegen  0.09/turn              (no ring)
                                (no ring)
                                (no ring)

@: engulfed
A: almost no armour, stealthy swim, amphibious, 8 rings, constrict 8, camouflage
1, high mp 1, sense surroundings 1, robust 1, gelatinous body 1
a: no special abilities


You were in the Dungeon.
You were not hungry.

You visited 1 branch You collected 28 gold pieces.

Inventory:

Scrolls
 g - a scroll of blinking
 i - 5 scrolls of identify {unknown}
 j - 2 scrolls of torment {unknown}
 k - 4 scrolls of remove curse
Potions
 b - a potion of curing
 c - a potion of heal wounds
 d - a potion of haste
 e - 2 potions of magic
 f - a potion of berserk rage
 l - a potion of lignification {unknown}
 m - a potion of mutation
 n - 2 potions of flight {unknown}
Comestibles
 a - 3 rations
 h - 2 chunks of flesh


   Skills:
 - Level 3.0 Fighting
 - Level 3.0 Dodging
 - Level 2.6 Stealth
 + Level 8.8 Unarmed Combat


You had 3 spell levels left.
You didn't know any spells.
Your spell library was empty.

Dungeon Overview and Level Annotations

Branches:
Dungeon (1/1)

Altars:


Innate Abilities, Weirdness & Mutations

You cannot wear most types of armour.
You are very stealthy in the water. (Stealth+)
You are amphibious.
You can wear up to eight rings at the same time.
You can use your tentacles to constrict eight enemies at once.
Your skin changes colour to match your surroundings (Stealth+).
Your rubbery body absorbs attacks. (AC +1, EV +1)
You have an increased reservoir of magic. (+10% MP)
You passively map a small area around you.
You are robust. (+10% HP)


Message History

You tentacle-slap the water elemental but do no damage.
The water elemental hits you!
You tentacle-slap the water elemental but do no damage.
The water elemental hits you.
The water elemental engulfs you in water!
You tentacle-slap the water elemental.
The water elemental is lightly damaged.
The water elemental closely misses you.
You tentacle-slap the water elemental.
The water elemental is lightly damaged.
You barely miss the water elemental.
The water elemental is lightly damaged.
The water elemental hits you!
* * * LOW HITPOINT WARNING * * *
You are too injured to fight recklessly!
You are too injured to fight recklessly!
You bludgeon the water elemental!
The water elemental is heavily damaged.
The water elemental hits you!
You die...

▓▓▓▓▓▓▓ ▓▓▓ ..#...####
##.# * ..#......#####..#
* * .##.......#..#..# ,
* _
#.##.##...#..#..###+#+##
#.##.###..##'#..#.......
,
.####.##..###...@.⌠.....
,*
###÷.##..####...#E..####
.....##..###....#.⌠.# ,
+ ##..##)..##.....#...#
#..##....#......#+### ,
..###..##.#..)..# , _*
(. #..#####....# ▓▓ ▓▓▓▓
▓▓▓▓▓▓ * * * , ,


You could see a water elemental.

Vanquished Creatures
  Crazy Yiuf (D)
  Jessica (D)
  A human (D)
  An ooze (D)
  2 rats (D)
6 creatures vanquished.

Vanquished Creatures (others)
  2 draconian scorchers (D)
  6 hellions (D)
  2 yaktaurs (D)
  2 plants (D)
12 creatures vanquished.

Grand Total: 18 creatures vanquished

Notes
Turn   | Place    | Note
-------+----------+-------------------------------------------
     0 | D        | KleinerIrrer the Octopode Monk began the quest for the Orb.
     0 | D        | Reached XP level 1. HP: 16/16 MP: 1/1
    19 | D        | Reached skill level 4 in Unarmed Combat
   109 | D        | Killed a hellion
   109 | D        | Killed a hellion
   109 | D        | Killed a hellion
   110 | D        | Killed a hellion
   125 | D        | Killed a hellion
   153 | D        | Noticed Jessica
   158 | D        | Killed Jessica
   158 | D        | Reached skill level 6 in Unarmed Combat
   158 | D        | Reached XP level 2. HP: 16/21 MP: 2/2
   158 | D        | Reached XP level 3. HP: 20/26 MP: 3/3
   185 | D        | Killed a white draconian scorcher
   187 | D        | Killed a yaktaur
   189 | D        | Killed a yaktaur
   229 | D        | Noticed Crazy Yiuf
   233 | D        | Killed a hellion
   234 | D        | Killed Crazy Yiuf
   234 | D        | Reached skill level 8 in Unarmed Combat
   234 | D        | Reached XP level 4. HP: 31/31 MP: 4/4
   282 | D        | Killed a white draconian scorcher
   344 | D        | Gained mutation: You have an increased reservoir of magic.
                  | (+10% MP) [potion of mutation]
   344 | D        | Gained mutation: You are agile. (Dex +2) [potion of
                  | mutation]
   344 | D        | Gained mutation: You are partially covered in large bone
                  | plates. (SH +4) [potion of mutation]
   344 | D        | Gained mutation: You are covered in fur. (AC +1) [potion of
                  | mutation]
   349 | D        | Lost mutation: You are agile. (Dex +2) [potion of mutation]
   349 | D        | Lost mutation: You are covered in fur. (AC +1) [potion of
                  | mutation]
   349 | D        | Gained mutation: Your body sometimes deteriorates upon
                  | taking damage. [potion of mutation]
   349 | D        | Gained mutation: You are somewhat resistant to further
                  | mutation. [potion of mutation]
   350 | D        | Lost mutation: You are somewhat resistant to further
                  | mutation. [potion of mutation]
   350 | D        | Lost mutation: Your body sometimes deteriorates upon taking
                  | damage. [potion of mutation]
   350 | D        | Lost mutation: You are partially covered in large bone
                  | plates. (SH +4) [potion of mutation]
   350 | D        | Gained mutation: You are agile. (Dex +2) [potion of
                  | mutation]
   350 | D        | Lost mutation: You are agile. (Dex +2) [potion of mutation]
   350 | D        | Gained mutation: You are robust. (+10% HP) [potion of
                  | mutation]
   350 | D        | Gained mutation: You passively map a small area around you.
                  | [potion of mutation]
   351 | D        | Noticed a water elemental
   358 | D        | Slain by a water elemental

Skill      XL: |  1  2  3 |
---------------+----------+-----
Unarmed Combat | 6 8 |  8.8
Fighting       | |  3.0
Dodging        | |  3.0
Stealth        | |  2.6

Action                   |  1- 3 |  4- 6 || total
-------------------------+-------+-------++-------
Melee: Unarmed           |    18 |    14 ||    32
       Tentacles         |     3 |     3 ||     6
       Constrict         |     3 |     1 ||     4
       Punch             |     1 |     1 ||     2
  Use: Potion            |       |     3 ||     3
 Stab: Sleeping          |     2 |       ||     2
Armor: Skin              |     1 |       ||     1
Dodge: Dodged            |     8 |     5 ||    13
